 Dungeon Crawl Stone Soup version 0.20.1-1-g8b1a95d (webtiles) character file.

1861 HammerPanzer the Basher (level 8, 0/100 HPs)
             Began as a Demonspawn Berserker on Oct 27, 2017.
             Was an Elder of Trog.
             Killed by the air
             ... invoked by Gastronok
              (20 damage)
             ... on level 8 of the Dungeon.
             The game lasted 00:16:50 (5956 turns).

HammerPanzer the Basher (Demonspawn Berserker)      Turns: 5956, Time: 00:16:51

Health: 0/100      AC: 12    Str: 25    XL:     8   Next: 89%
Magic:  0/8        EV:  9    Int:  8    God:    Trog [****..]
Gold:   245        SH:  0    Dex: 13    Spells: 7/7 levels left

rFire    . . .     SeeInvis +   m - +0 flail
rCold    . . .     Gourm    .   (no shield)
rNeg     . . .     Faith    .   j - +1 chain mail
rPois    .         Spirit   +   (helmet restricted)
rElec    .         Reflect  .   (no cloak)
rCorr    .         Harm     .   (no gloves)
MR       .....                  (no boots)
Stlth    ..........             (no amulet)
Regen    0.3/turn               b - +3 ring of protection
MPRegen  0.3/turn               r - ring of see invisible

@: berserking, slowed
A: claws 2, horns 2, magic shield, magic regeneration
a: Berserk, Trog's Hand, Brothers in Arms, Burn Spellbooks, Renounce Religion


You were on level 8 of the Dungeon.
You worshipped Trog.
Trog was greatly pleased with you.
You were hungry.

You visited 1 branch of the dungeon, and saw 8 of its levels.

You collected 245 gold pieces.

Inventory:

Hand Weapons
 m - a +0 flail (weapon)
 D - a +0 hand crossbow
Missiles
 l - 22 poisoned needles
Armour
 j - a +1 chain mail (worn)
Jewellery
 b - a +3 ring of protection (left claw)
 r - a ring of see invisible (right claw)
Wands
 t - a wand of disintegration (13/24)
 u - a wand of lightning (14/15)
 y - a wand of iceblast (9/15)
 E - a wand of flame (38/48)
Scrolls
 f - 2 scrolls of remove curse
 p - a scroll of teleportation
 q - 2 scrolls of recharging
 s - a scroll of fog {unknown}
 C - a scroll of identify
Potions
 a - a potion of agility
 e - a potion of might
 h - a potion of magic
 i - a potion of brilliance
 k - 2 potions of ambrosia
 n - 2 potions of curing
 o - a potion of heal wounds
 w - 2 potions of mutation {unknown}
 z - a potion of lignification {unknown}
 A - 2 potions of resistance {unknown}
Books
 g - a book of Maledictions

   Spells                             Type                      Level
   a - Corona                         Hexes                        1
   b - Ensorcelled Hibernation        Hexes/Ice                    2
   c - Confuse                        Hexes                        3
   d - Tukima's Dance                 Hexes                        3
   e - Dazzling Spray                 Conjuration/Hexes            3
   Trog disapproves of the use of such an item.
Comestibles
 c - 6 bread rations
 d - 6 fruits
 v - a meat ration
 x - 28 chunks of flesh
 B - a royal jelly


   Skills:
 + Level 7.3 Fighting
 * Level 9.1 Maces & Flails
 - Level 1.7 Armour
 - Level 1.7 Dodging


You had 7 spell levels left.
You didn't know any spells.

Dungeon Overview and Level Annotations

Branches:
Dungeon (9/15)             Temple (0/1) D:5
   Lair: D:8-11         Orc: D:9-12

Altars:
Nemelex Xobeh

Annotations:
D:8 Gastronok
D:9 Psyche


Innate Abilities, Weirdness & Mutations

You have very sharp fingernails.
You have a pair of horns on your head.
When hurt, damage is shared between your health and your magic reserves.
You regenerate magic rapidly.


Message History

You sock Gastronok! You headbutt Gastronok!
Gastronok is lightly wounded.
You bludgeon Gastronok!! You headbutt Gastronok.
Gastronok is moderately wounded.
Gastronok bites you!!
* * * LOW HITPOINT WARNING * * *
You hit Gastronok. You headbutt Gastronok!
Gastronok is heavily wounded.
You sock Gastronok!
Gastronok is heavily wounded.
Gastronok sloshes about.
Gastronok bites you.
* * * LOW HITPOINT WARNING * * *
You bludgeon Gastronok!!
Gastronok is severely wounded.
You bludgeon Gastronok!! You headbutt Gastronok.
Gastronok is almost dead.
Gastronok waves his eye-stalks in wide circles.
The air twists around and strikes you!
You die...

########.#....#
..##.##
))...((..##.###
## #...
#######..##...
#### #..#######
#..#.....#
#..#.###.#
#......#.# #
#.##.....###.#
#.........@w.#
#.###...###..#
#. ##.## ..# ..
.... ..# ..
.##.## ..# #
#.# <.. ..#
.##. #..# #.#
.# . #..# #..#


You could see Gastronok.

Vanquished Creatures
  2 orc warriors
  A phantom (D:4)
  2 ogres
  3 centaurs
  A bullfrog (D:8)
  2 scorpions
  A howler monkey (D:5)
  4 orc priests
  A centaur skeleton (D:4)
  4 hounds
  A quasit (D:5)
  2 iguanas
  Ijyb (D:5)
  Terence (D:3)
  6 orc wizards
  3 worker ants
  8 gnolls
  12 adders
  2 oozes
  2 adder zombies
  3 worms
  A dart slug (D:1)
  6 leopard geckos
  25 orcs
  3 bats
  7 giant cockroaches
  5 goblins
  7 hobgoblins
  10 jackals
  6 quokkas
  3 ball pythons
  7 frilled lizards
  A giant cockroach zombie (D:5)
  5 kobolds
  7 rats
155 creatures vanquished.

Notes
Turn   | Place    | Note
-------+----------+-------------------------------------------
     0 | D:1      | HammerPanzer the Demonspawn Berserker began the quest for the Orb.
     0 | D:1      | Reached XP level 1. HP: 18/18 MP: 1/1
   149 | D:1      | Reached skill level 3 in Maces & Flails
   361 | D:1      | Gained mutation: You have sharp fingernails. [demonic ancestry]
   361 | D:1      | Reached XP level 2. HP: 24/24 MP: 2/2
  1005 | D:2      | Gained mutation: You have a pair of small horns on your head. [demonic ancestry]
  1005 | D:2      | Reached XP level 3. HP: 22/29 MP: 3/3
  1225 | D:3      | Reached ** piety under Trog
  1657 | D:2      | Reached skill level 4 in Maces & Flails
  1657 | D:2      | Gained mutation: You have very sharp fingernails. [demonic ancestry]
  1657 | D:2      | Reached XP level 4. HP: 29/37 MP: 4/4
  2966 | D:3      | Gained mutation: You have a pair of horns on your head. [demonic ancestry]
  2966 | D:3      | Reached XP level 5. HP: 42/42 MP: 5/5
  2971 | D:3      | Noticed Terence
  2978 | D:3      | Killed Terence
  3009 | D:3      | Reached *** piety under Trog
  3009 | D:3      | Reached skill level 5 in Maces & Flails
  3091 | D:3      | Found a faded altar of an unknown god.
  3198 | D:4      | Noticed an ogre
  3203 | D:4      | Killed an ogre
  3203 | D:4      | Gained mutation: When hurt, damage is shared between your health and your magic reserves. [demonic ancestry]
  3203 | D:4      | Reached XP level 6. HP: 43/49 MP: 6/6
  3248 | D:5      | Entered Level 5 of the Dungeon
  3759 | D:4      | Reached skill level 6 in Maces & Flails
  3787 | D:5      | Reached skill level 5 in Fighting
  3906 | D:4      | Reached XP level 7. HP: 54/56 MP: 7/7
  4395 | D:5      | Reached skill level 7 in Maces & Flails
  4424 | D:5      | Noticed Ijyb
  4432 | D:5      | Killed Ijyb
  4524 | D:5      | Found a sparkling altar of Nemelex Xobeh.
  4761 | D:5      | Gained mutation: You regenerate magic rapidly. [demonic ancestry]
  4761 | D:5      | Reached XP level 8. HP: 64/64 MP: 8/8
  4951 | D:5      | Reached **** piety under Trog
  4963 | D:5      | Found a staircase to the Ecumenical Temple.
  5057 | D:5      | Reached skill level 8 in Maces & Flails
  5290 | D:5      | Received a gift from Trog
  5428 | D:6      | You fall through a shaft for 2 floors!
  5738 | D:9      | Noticed Psyche
  5828 | D:8      | Reached skill level 9 in Maces & Flails
  5941 | D:8      | Noticed Gastronok
  5956 | D:8      | Killed from afar by Gastronok

Skill      XL: |  1  2  3  4  5  6  7  8 |
---------------+-------------------------+-----
Maces & Flails | 3 4 5 6 7 9 |  9.1
Fighting       | 4 5 6 7 |  7.3
Armour         | |  1.7
Dodging        | |  1.7

Action                   |  1- 3 |  4- 6 |  7- 9 || total
-------------------------+-------+-------+-------++-------
Melee: Mace              |   111 |    62 |       ||   173
       Headbutt          |     6 |    34 |    57 ||    97
       Flail             |       |   121 |   246 ||   367
Invok: Berserk           |       |     2 |     6 ||     8
  Use: Scroll            |     5 |       |     9 ||    14
  Eat: Chunk             |     2 |     9 |    12 ||    23
Armor: Ring mail         |     6 |       |       ||     6
       Chain mail        |    84 |   105 |   159 ||   348
Dodge: Dodged            |    48 |    82 |   126 ||   256
